 Dungeon Crawl Stone Soup version 0.22-a0-812-g4c1e2d5471 (webtiles) character file.

26 Htamos the Magician (level 2, 19/19 HPs)
             Began as a Demonspawn Wizard on July 23, 2018.
             Quit the game on level 1 of the Dungeon.
             The game lasted 00:01:45 (1302 turns).

Htamos the Magician (Demonspawn Wizard)             Turns: 1302, Time: 00:01:45

Health: 19/19      AC:  4    Str:  7    XL:     2   Next: 89%
Magic:  6/6        EV: 12    Int: 19    God:
Gold:   63         SH:  0    Dex: 11    Spells: 4/7 levels left

rFire    . . .     SeeInvis .   f - +0 short sword
rCold    . . .     Gourm    .   (no shield)
rNeg     . . .     Faith    .   a - +0 robe
rPois    .         Spirit   .   b - +0 hat
rElec    .         Reflect  .   (no cloak)
rCorr    .         Harm     .   (no gloves)
MR       .....                  (no boots)
Stlth    ++........             (no amulet)
HPRegen  0.06/turn              (no ring)
MPRegen  0.10/turn              (no ring)

@: no status effects
A: iridescent scales 1
a: no special abilities


You were on level 1 of the Dungeon.
You were not hungry.

You visited 1 branch of the dungeon, and saw 1 of its levels.

You collected 63 gold pieces.

Inventory:

Hand Weapons
 f - a +0 short sword (weapon)
Armour
 a - a +0 robe (worn)
 b - a +0 hat (worn)
 h - a cursed +0 ring mail
Scrolls
 c - 4 scrolls of noise {unknown}
 e - a scroll of magic mapping {unknown}
 g - 4 scrolls of identify {unknown}
 k - a scroll of remove curse {unknown}
Potions
 i - a potion of mutation {unknown}
 j - a potion of might {unknown}
Comestibles
 d - a ration
 l - a chunk of flesh


   Skills:
 + Level 2.1 Dodging
 + Level 2.1 Stealth
 + Level 3.2 Spellcasting
 * Level 1.9 Conjurations
   Level 1.0 Summonings
 - Level 0.8 Translocations


You had 4 spell levels left.
You knew the following spells:

 Your Spells              Type           Power        Failure   Level  Hunger
a - Magic Dart            Conj           ##..         7%          1    None
b - Blink                 Tloc           N/A          16%         2    ##.....

Your spell library contained the following spells:

 Spells                   Type           Power        Failure   Level  Hunger
 Conjure Flame            Conj/Fire      #.......     30%         3    ###....
 Slow                     Hex            #.......     22%         2    ##.....
 Mephitic Cloud           Conj/Pois/Air  #.......     34%         3    ###....
 Call Imp                 Summ           #.......     16%         2    ##.....


Dungeon Overview and Level Annotations

Branches:
Dungeon (1/15)

Altars:


Innate Abilities, Weirdness & Mutations

You are partially covered in iridescent scales. (AC +2)


Message History

Casting: Magic Dart (safe; 7% risk of failure)
Confirm with . or Enter, or press ? or * to list all spells.
You can't see any susceptible monsters within range! (Use Z to cast anyway.)
You are feeling very hungry.
You butcher the giant cockroach corpse.
l - 2 chunks of flesh Eating one of 2 chunks of flesh.
You eat one of the 2 chunks of flesh.
This raw flesh tastes terrible.
Done exploring.
Done exploring.
Done exploring.
Done exploring.
Done exploring.
Done exploring.
Done exploring.
Done exploring.
Done exploring.
Done exploring.
Done exploring.
Are you sure you want to abandon this character and quit the game? (Confirm with "yes".)

#......
#......
#######
#########
#.......#
#....@..#
#.......#
#.......#
#.......#
#.......#
#.......#
#.......#
######.##
#.#


There were no monsters in sight!

Vanquished Creatures
  A dart slug (D:1)
  A ball python (D:1)
  2 bats (D:1)
  4 giant cockroaches (D:1)
  5 goblins (D:1)
  A hobgoblin (D:1)
  4 kobolds (D:1)
  2 frilled lizards (D:1)
  A rat (D:1)
21 creatures vanquished.

Notes
Turn   | Place    | Note
-------+----------+-------------------------------------------
     0 | D:1      | Htamos the Demonspawn Wizard began the quest for the Orb.
     0 | D:1      | Reached XP level 1. HP: 13/13 MP: 4/4
   248 | D:1      | Gained mutation: You are partially covered in iridescent scales. (AC +2) [demonic ancestry]
   248 | D:1      | Reached XP level 2. HP: 19/19 MP: 1/6
   252 | D:1      | Learned a level 2 spell: Blink
  1302 | D:1      | Quit the game

Vault maps used:
D:1:      dpeg_arrival_rhombi

Skill      XL: |  1 |
---------------+----+-----
Stealth        | 2 |  2.1
Dodging        | 2 |  2.1
Spellcasting   | |  3.2
Conjurations   | |  1.9
Summonings     | |  1.0
Translocations | |  0.8

Action                   || total
-------------------------++-------
Melee: Unarmed           ||    11
       Short sword       ||     4
 Cast: Magic Dart        ||    52
  Eat: Chunk             ||     1
Armor: Robe              ||     4
Dodge: Dodged            ||    13

Table legend:
 A = Spawn XP
 B = Non-spawn XP
 C = Spawn XP percentage of total XP
 D = Spawn monster count
 E = Non-spawn monster count
 F = Spawn count percentage of total count
 G = Total turns spent on level
                    A         B        C        D         E        F      G
               +---------+---------+-------+---------+---------+-------+---------
         Total |       0 |      38 |   0.0 |       0 |      21 |   0.0 |  1302
               +---------+---------+-------+---------+---------+-------+---------
           D:1 |       0 |      38 |   0.0 |       0 |      21 |   0.0 |  1302
               +---------+---------+-------+---------+---------+-------+---------
